[ AOE2 MATCH · #508799145 ]
UnrankedMaya vs Muisca
Player's team · LOSS
Rival team · WIN
[ REPLAY ANALYSIS · EXTRACTED FROM THE RECORDED GAME ]
Feudal
15:25
Castle
27:40
Imperial
—
| APM avg | 41.1 |
| APM peak | 81 |
| eAPM avg | 22.0 |
| Villagers / military | 93 / 180 |
Focus
⚔️ 36.9% · 🌾 63.1%
Militia ×127 · Eagle Scout ×18 · Plumed Archer ×16 · Scorpion ×9 · Monk ×7 · Mangonel ×2
Feudal
10:43
Castle
25:41
Imperial
46:58
| APM avg | 45.1 |
| APM peak | 90 |
| eAPM avg | 17.0 |
| Villagers / military | 103 / 16 |
Focus
⚔️ 28.5% · 🌾 71.5%
Unknown (2550) ×99 · Petard ×11 · Battering Ram ×3 · Spearman ×1 · Trebuchet (Packed) ×1
Match map
Initial resources + every placement click. Lines = walls · curves = elevation contours. ◆ gold · ⬟ stone · ● berries · ✦ relic · ◌ wall gap
Your base· ✓ Closed at 27:40 · 43t walls · 2 gate(s)
^(* ̄(oo) ̄)^'s base· Open — opponent sealed themselves in
Smoothed initial terrain · ◌ = detected wall gap · hover for details
Inputs per minute
— CLB_Senafok - - ^(* ̄(oo) ̄)^
Build order — CLB_Senafok
First 150 of 277 actions detected
| 0:01 | Queue | Villager (Male) |
| 0:01 | Queue | Villager (Male) |
| 0:01 | Queue | Villager (Male) |
| 0:02 | Queue | Villager (Male) |
| 0:03 | Build | House |
| 0:05 | Build | House |
| 0:06 | Research | Loom |
| 0:32 | Queue | Villager (Male) |
| 0:32 | Queue | Villager (Male) |
| 0:34 | Queue | Villager (Male) |
| 0:34 | Queue | Villager (Male) |
| 1:31 | Queue | Villager (Male) |
| 1:31 | Queue | Villager (Male) |
| 1:56 | Queue | Villager (Male) |
| 2:54 | Queue | Villager (Male) |
| 2:54 | Queue | Villager (Male) |
| 3:10 | Queue | Villager (Male) |
| 3:38 | Build | Barracks |
| 3:53 | Build | House |
| 4:09 | Queue | Villager (Male) |
| 4:09 | Queue | Villager (Male) |
| 5:06 | Queue | Militia |
| 5:06 | Queue | Militia |
| 5:12 | Queue | Villager (Male) |
| 5:13 | Queue | Villager (Male) |
| 5:13 | Queue | Villager (Male) |
| 5:13 | Queue | Villager (Male) |
| 5:36 | Build | House |
| 5:47 | Queue | Militia |
| 6:01 | Queue | Militia |
| 6:42 | Queue | Villager (Male) |
| 6:56 | Queue | Militia |
| 6:56 | Queue | Militia |
| 7:03 | Queue | Villager (Male) |
| 7:03 | Queue | Villager (Male) |
| 7:07 | Build | House |
| 7:20 | Queue | Villager (Male) |
| 7:47 | Queue | Villager (Male) |
| 8:25 | Queue | Villager (Male) |
| 8:28 | Build | Lumber Camp |
| 8:48 | Queue | Villager (Male) |
| 9:14 | Queue | Villager (Male) |
| 10:29 | Queue | Villager (Male) |
| 10:32 | Build | House |
| 11:21 | Queue | Villager (Male) |
| 11:21 | Queue | Villager (Male) |
| 11:48 | Build | Mill |
| 11:53 | Queue | Villager (Male) |
| 12:13 | Build | Farm |
| 12:14 | Build | Farm |
| 12:16 | Build | Farm |
| 12:17 | Queue | Villager (Male) |
| 12:21 | Build | Farm |
| 12:45 | Build | Farm |
| 12:59 | Build | Outpost |
| 13:01 | Queue | Villager (Male) |
| 13:11 | Build | Farm |
| 13:15 | Research | Feudal Age |
| 13:25 | Build | Mining Camp |
| 13:58 | Build | House |
| 14:00 | Build | Palisade Wall |
| 14:20 | Build | Palisade Wall |
| 14:21 | Build | Palisade Wall |
| 15:25 | Age | Feudal Age |
| 15:32 | Research | Man-at-Arms (upgrade) |
| 15:42 | Build | Blacksmith |
| 16:13 | Build | Watch Tower |
| 16:19 | Research | Arson |
| 16:21 | Queue | Villager (Male) |
| 16:38 | Research | Forging |
| 16:41 | Build | House |
| 16:42 | Build | House |
| 16:44 | Queue | Villager (Male) |
| 16:45 | Queue | Villager (Male) |
| 16:59 | Build | Farm |
| 17:00 | Queue | Villager (Male) |
| 17:15 | Build | Farm |
| 17:37 | Research | Scale Mail Armor |
| 17:39 | Queue | Villager (Male) |
| 17:40 | Build | Farm |
| 17:41 | Queue | Villager (Male) |
| 17:41 | Queue | Villager (Male) |
| 17:52 | Build | House |
| 18:13 | Build | Farm |
| 18:15 | Queue | Eagle Scout |
| 18:25 | Research | Double-Bit Axe |
| 19:01 | Build | Farm |
| 19:06 | Queue | Eagle Scout |
| 19:06 | Queue | Eagle Scout |
| 19:11 | Build | Barracks |
| 19:15 | Build | House |
| 19:16 | Build | Palisade Wall |
| 19:25 | Build | Farm |
| 19:28 | Research | Horse Collar |
| 19:38 | Build | Palisade Wall |
| 19:41 | Queue | Villager (Male) |
| 19:58 | Build | Palisade Wall |
| 20:04 | Build | Palisade Gate |
| 20:08 | Queue | Villager (Male) |
| 20:09 | Queue | Villager (Male) |
| 20:10 | Build | Farm |
| 20:11 | Queue | Villager (Male) |
| 20:19 | Build | House |
| 20:26 | Queue | Eagle Scout |
| 20:27 | Queue | Villager (Male) |
| 20:33 | Build | House |
| 20:39 | Build | Palisade Gate |
| 20:42 | Queue | Eagle Scout |
| 20:42 | Queue | Eagle Scout |
| 20:47 | Build | Farm |
| 20:50 | Queue | Villager (Male) |
| 20:52 | Build | House |
| 21:00 | Build | House |
| 21:04 | Queue | Eagle Scout ×3 |
| 21:04 | Queue | Eagle Scout ×3 |
| 21:09 | Build | Farm |
| 21:16 | Build | Farm |
| 21:44 | Queue | Militia |
| 21:47 | Queue | Militia |
| 21:47 | Queue | Militia |
| 21:53 | Build | Farm |
| 22:00 | Queue | Villager (Male) |
| 22:24 | Queue | Villager (Male) |
| 22:28 | Queue | Militia ×5 |
| 22:30 | Queue | Eagle Scout ×2 |
| 22:38 | Queue | Villager (Male) |
| 23:30 | Build | Farm |
| 23:33 | Research | Town Watch |
| 24:03 | Build | Market |
| 24:35 | Queue | Villager (Male) |
| 24:40 | Build | House |
| 24:40 | Build | House |
| 24:55 | Research | Castle Age |
| 24:57 | Queue | Militia ×5 |
| 24:58 | Queue | Eagle Scout ×2 |
| 24:59 | Queue | Eagle Scout ×2 |
| 25:25 | Queue | Militia ×3 |
| 26:29 | Build | Farm |
| 26:30 | Build | Farm |
| 27:40 | Age | Castle Age |
| 27:45 | Research | Long Swordsman (upgrade) |
| 27:47 | Research | Eagle Warrior (upgrade) |
| 28:14 | Research | Squires |
| 28:15 | Queue | Militia ×5 |
| 28:15 | Queue | Militia |
| 28:24 | Queue | Villager (Male) |
| 28:34 | Queue | Villager (Male) |
| 28:38 | Queue | Militia ×5 |
| 28:39 | Queue | Militia ×5 |
| 28:52 | Build | Monastery |
Build order — ^(* ̄(oo) ̄)^
First 150 of 307 actions detected
| 0:00 | Queue | Villager (Male) |
| 0:01 | Queue | Villager (Male) |
| 0:02 | Build | House |
| 0:04 | Build | House |
| 0:06 | Queue | Villager (Male) |
| 0:11 | Queue | Villager (Male) |
| 0:11 | Queue | Villager (Male) |
| 1:34 | Queue | Villager (Male) |
| 1:35 | Queue | Villager (Male) |
| 1:35 | Queue | Villager (Male) |
| 1:54 | Build | Settlement |
| 1:55 | Queue | Villager (Male) |
| 1:56 | Queue | Villager (Male) |
| 2:22 | Queue | Villager (Male) |
| 2:23 | Queue | Villager (Male) |
| 3:02 | Queue | Villager (Male) |
| 3:02 | Queue | Villager (Male) |
| 3:02 | Queue | Villager (Male) |
| 3:37 | Queue | Villager (Male) |
| 3:37 | Queue | Villager (Male) |
| 4:00 | Build | Settlement |
| 4:04 | Queue | Villager (Male) |
| 4:05 | Queue | Villager (Male) |
| 4:19 | Queue | Villager (Male) |
| 4:19 | Queue | Villager (Male) |
| 5:04 | Queue | Villager (Male) |
| 5:32 | Queue | Villager (Male) |
| 6:02 | Queue | Villager (Male) |
| 6:02 | Queue | Villager (Male) |
| 6:52 | Queue | Villager (Male) |
| 6:57 | Research | Loom |
| 7:18 | Build | Barracks |
| 7:21 | Build | Palisade Wall |
| 8:08 | Queue | Villager (Male) |
| 8:33 | Research | Feudal Age |
| 8:33 | Research | Feudal Age |
| 8:38 | Build | Barracks |
| 9:29 | Queue | Unit 2550 |
| 9:29 | Queue | Unit 2550 |
| 9:38 | Queue | Villager (Male) |
| 10:02 | Build | Farm |
| 10:16 | Queue | Unit 2550 |
| 10:43 | Age | Feudal Age |
| 10:45 | Queue | Unit 2550 |
| 10:51 | Research | Tech 1402 |
| 10:51 | Research | Tech 1402 |
| 11:14 | Queue | Unit 2550 |
| 11:27 | Build | House |
| 11:55 | Queue | Villager (Male) |
| 11:56 | Queue | Villager (Male) |
| 12:08 | Queue | Villager (Male) |
| 12:14 | Build | Settlement |
| 12:19 | Build | House |
| 12:27 | Queue | Unit 2550 |
| 12:34 | Build | House |
| 12:55 | Build | Farm |
| 12:56 | Build | Farm |
| 13:02 | Build | Palisade Wall |
| 13:09 | Build | Farm |
| 13:09 | Queue | Villager (Male) |
| 13:14 | Build | Settlement |
| 13:18 | Queue | Unit 2550 |
| 13:40 | Queue | Unit 2550 |
| 14:12 | Queue | Villager (Male) |
| 14:23 | Build | Blacksmith |
| 14:23 | Queue | Villager (Male) |
| 14:35 | Build | Farm |
| 14:36 | Build | Farm |
| 14:37 | Queue | Villager (Male) |
| 15:20 | Queue | Villager (Male) |
| 15:23 | Build | Farm |
| 15:24 | Research | Forging |
| 15:24 | Research | Forging |
| 15:25 | Research | Forging |
| 16:13 | Queue | Villager (Male) |
| 16:14 | Queue | Villager (Male) |
| 16:22 | Build | Palisade Wall |
| 16:23 | Queue | Villager (Male) |
| 16:28 | Queue | Unit 2550 |
| 16:28 | Queue | Unit 2550 |
| 16:37 | Build | Settlement |
| 16:43 | Queue | Villager (Male) |
| 17:05 | Queue | Unit 2550 |
| 17:11 | Build | Farm |
| 17:16 | Build | Watch Tower |
| 17:22 | Build | Palisade Wall |
| 17:32 | Queue | Unit 2550 |
| 17:40 | Queue | Unit 2550 |
| 17:41 | Queue | Villager (Male) |
| 17:44 | Build | Farm |
| 17:45 | Build | Farm |
| 18:10 | Queue | Unit 2550 |
| 18:20 | Queue | Villager (Male) |
| 18:23 | Build | Farm |
| 18:57 | Queue | Villager (Male) |
| 19:10 | Queue | Villager (Male) |
| 19:25 | Build | Settlement |
| 19:36 | Queue | Villager (Male) |
| 20:08 | Queue | Villager (Male) |
| 20:14 | Queue | Unit 2550 |
| 20:14 | Queue | Unit 2550 |
| 20:21 | Build | Farm |
| 20:40 | Build | Farm |
| 20:41 | Queue | Villager (Male) |
| 20:43 | Queue | Villager (Male) |
| 20:55 | Build | Palisade Wall |
| 20:57 | Queue | Villager (Male) |
| 21:09 | Build | Farm |
| 21:50 | Build | Barracks |
| 21:52 | Queue | Villager (Male) |
| 21:58 | Build | Market |
| 22:04 | Build | Watch Tower |
| 22:12 | Queue | Unit 2550 |
| 22:12 | Queue | Unit 2550 |
| 22:16 | Build | Farm |
| 22:16 | Queue | Villager (Male) |
| 22:26 | Research | Scale Mail Armor |
| 22:26 | Research | Scale Mail Armor |
| 22:26 | Research | Scale Mail Armor |
| 22:38 | Build | Palisade Wall |
| 23:01 | Research | Castle Age |
| 23:02 | Research | Castle Age |
| 23:07 | Build | Farm |
| 23:08 | Build | Farm |
| 23:36 | Build | Barracks |
| 23:41 | Build | House |
| 23:53 | Queue | Villager (Male) |
| 23:57 | Queue | Unit 2550 |
| 24:32 | Build | Barracks |
| 24:41 | Queue | Unit 2550 |
| 24:52 | Queue | Villager (Male) |
| 24:57 | Queue | Unit 2550 ×3 |
| 25:04 | Build | Settlement |
| 25:10 | Build | Farm |
| 25:10 | Build | Farm |
| 25:10 | Build | Farm |
| 25:41 | Age | Castle Age |
| 25:49 | Research | Tech 1351 |
| 25:49 | Research | Tech 1351 |
| 25:51 | Queue | Villager (Male) |
| 25:51 | Queue | Villager (Male) |
| 26:03 | Queue | Unit 2550 |
| 26:08 | Build | Farm |
| 26:09 | Build | Farm |
| 26:31 | Queue | Unit 2550 ×2 |
| 26:40 | Build | House |
| 26:42 | Build | House |
| 26:51 | Queue | Villager (Male) |
| 27:03 | Build | House |
| 27:05 | Build | House |
Match timeline
| 3:38 | CLB_Senafok · first_building Barracks |
| 7:18 | ^(* ̄(oo) ̄)^ · first_building Barracks |
| 7:21 | ^(* ̄(oo) ̄)^ · wall_segment Palisade Wall x3 |
| 10:43 | ^(* ̄(oo) ̄)^ · age_up feudal |
| 13:02 | ^(* ̄(oo) ̄)^ · wall_segment Palisade Wall x1 |
| 14:00 | CLB_Senafok · wall_segment Palisade Wall x10 |
| 14:20 | CLB_Senafok · wall_segment Palisade Wall x6 |
| 14:21 | CLB_Senafok · wall_segment Palisade Wall x11 |
| 15:25 | CLB_Senafok · age_up feudal |
| 16:22 | ^(* ̄(oo) ̄)^ · wall_segment Palisade Wall x5 |
| 17:22 | ^(* ̄(oo) ̄)^ · wall_segment Palisade Wall x1 |
| 19:16 | CLB_Senafok · wall_segment Palisade Wall x1 |
| 19:38 | CLB_Senafok · wall_segment Palisade Wall x9 |
| 19:58 | CLB_Senafok · wall_segment Palisade Wall x7 |
| 20:55 | ^(* ̄(oo) ̄)^ · wall_segment Palisade Wall x26 |
| 22:38 | ^(* ̄(oo) ̄)^ · wall_segment Palisade Wall x13 |
| 22:51 | ^(* ̄(oo) ̄)^ · first_market_buy 100 food |
| 25:18 | ^(* ̄(oo) ̄)^ · first_market_sell 100 food |
| 25:41 | ^(* ̄(oo) ̄)^ · age_up castle |
| 27:40 | CLB_Senafok · age_up castle |
| 28:43 | CLB_Senafok · first_market_sell 100 wood |
| 28:52 | CLB_Senafok · first_building Monastery |
| 29:02 | CLB_Senafok · first_building Siege Workshop |
| 32:40 | ^(* ̄(oo) ̄)^ · first_building Monastery |
| 33:22 | ^(* ̄(oo) ̄)^ · first_building Archery Range |
| 39:28 | CLB_Senafok · first_building Castle |
| 41:46 | CLB_Senafok · wall_segment Palisade Wall x9 |
| 41:53 | ^(* ̄(oo) ̄)^ · first_building Castle |
| 42:48 | CLB_Senafok · first_market_buy 100 food |
| 42:51 | ^(* ̄(oo) ̄)^ · first_building Siege Workshop |
| 46:58 | ^(* ̄(oo) ̄)^ · age_up imperial |
| 47:11 | CLB_Senafok · resign |
[ AI ANALYSIS · 1 CREDIT ]
What really happened in this match?
Wolo.gg analyzes every decision: build order, eco, micro, common mistakes by bracket. Personalized analysis on WhatsApp or Discord in 30 seconds.
Civ guide
Maya
Perfil
Jugador #4872010